Cogmind - Beta 15 @@@ ROGUE MODE // 2025.08.02 @ 11:28:31 Player: beans Result: Core destroyed Performance ------------- Evolutions (1) 500 Regions Visited (4) 800 Robots Destroyed (27) 135 Value Destroyed (521) 521 Prototype IDs (24) 480 Alien Tech Used (0) 0 Bonus (300) 300 TOTAL SCORE: 2736 Bonus ------- Aligned with FarCom 300 Cogmind --------- Core Integrity 0/400 Matter 300/300 Energy 93/100 System Corruption 1% Temperature Cool (0) Movement Core (50) Location -9/Exiles Parts ------- > --- POWER (1) -------- (None) > --- PROPULSION (2) --- (None) > --- UTILITY (3) ------ (None) > --- WEAPON (3) ------- (None) > --- INVENTORY (5) ---- Hover Unit 0b10 Alert Chip Peak State ------------ > --- POWER ------------ (None) > --- PROPULSION ------- Light Treads Light Treads > --- UTILITY ---------- Experimental Sensor Array Hacking Suite > --- WEAPON ----------- Guided Plasma Cannon Assault Rifle Assault Rifle > --- INVENTORY -------- Hover Unit 0b10 Alert Chip [Rating: 24] Favorites ----------- Power Ion Engine Engine Ion Engine Propulsion Light Treads Treads Light Treads Utility Hacking Suite Device Experimental Sensor Array Hackware Hacking Suite Weapon Assault Rifle Energy Cannon Guided Plasma Cannon Ballistic Gun Assault Rifle Launcher Grenade Launcher Build | -11 -10 -9 -9 -9 ------- Run | Yrd Mat Mat Min Exi Slots Evolved 2 | . . 2 . . Power . | . . . . . Propulsion . | . . . . . Utility 1 | . . 1 . . Weapon 1 | . . 1 . . Parts Attached 9 | 5 2 . 1 1 Power 1 | 1 . . . . Engine 1 | 1 . . . . Core . | . . . . . Reactor . | . . . . . Propulsion 2 | 2 . . . . Treads 2 | 2 . . . . Leg . | . . . . . Wheel . | . . . . . Hover . | . . . . . Flight . | . . . . . Utility 2 | . 1 . 1 . Device 1 | . . . 1 . Storage . | . . . . . Processor . | . . . . . Hackware 1 | . 1 . . . Protection . | . . . . . Artifact . | . . . . . Weapon 4 | 2 1 . . 1 Energy Gun . | . . . . . Energy Cannon 1 | . . . . 1 Ballistic Gun 2 | 2 . . . . Ballistic Cannon . | . . . . . Launcher 1 | . 1 . . . Special Weapon . | . . . . . Impact Weapon . | . . . . . Slashing Weapon . | . . . . . Piercing Weapon . | . . . . . Special Melee Weapon . | . . . . . Unidentified Prototypes 1 | . . . 1 . Parts Lost 8 | . . . 2 6 Power 1 | . . . 1 . Propulsion 2 | . . . . 2 Utility 2 | . . . . 2 Weapon 3 | . . . 1 2 Highest Loss Streak 4 | . . . 1 4 To Critical Strikes 1 | . . . . 1 Average Backups 1 | . 1 2 1 1 Power . | . . . . . Propulsion . | . . 1 1 1 Utility . | . . . . . Weapon . | . . 1 . . Tool/Special . | . . . . . Unused Backups 2 | . . . . 2 Power . | . . . . . Propulsion 1 | . . . . 1 Utility 1 | . . . . 1 Weapon . | . . . . . Tool/Special . | . . . . . Average Slot Usage (%) 66 | . 73 66 65 64 Engine 4 | . 14 11 3 . Treads 21 | . 28 22 22 19 Device 5 | . . . 3 10 Hackware 9 | . 2 11 11 10 Energy Cannon 1 | . . . . 4 Ballistic Gun 17 | . 21 11 14 19 Launcher 6 | . 6 11 10 . Peak Build Rating 24 | 5 8 8 17 24 Average Rating 11 | 3 5 8 10 18 On Entrance 7 | . 5 8 8 16 Naked Turns 12 | . . . . 12 Heaviest Build 15 | 9 10 10 10 15 Greatest Support 40 | 40 40 40 40 40 Greatest Overweight (x) 3 | 1 . . . 3 Average Overweight (x) . | . . . . . Largest Inventory Capacity 5 | 5 5 5 5 5 Average Capacity 5 | 5 5 5 5 5 Most Carried 3 | 2 3 2 3 3 Average Carried 1 | . 1 2 1 1 Final Capacity 5 | 5 5 5 5 5 Final Carried 2 | . 2 2 1 2 Class Distribution -------------------- 77% | Mutant 22% | Skirmisher Dominant Class ---------------- Mutant | -10/Materials Mutant | -9/Materials Mutant | -9/Mines Mutant | -9/Exiles Resources | -11 -10 -9 -9 -9 ----------- Run | Yrd Mat Mat Min Exi Matter Collected 751 | 226 22 85 368 50 Remotely . | . . . . . Salvage Created 709 | . 57 202 348 102 Parts 60 | . 11 22 27 . Haulers Intercepted 1 | . . 1 . . Recyclers Shooed 1 | . . . 1 . Parts Field Recycled . | . . . . . Retrieved Matter . | . . . . . Parts Self-Destructed . | . . . . . Prevented . | . . . . . Kills | -11 -10 -9 -9 -9 ------- Run | Yrd Mat Mat Min Exi Combat Hostiles Destroyed 17 | . . 4 7 6 Guns 2 | . . 1 . 1 Cannons 5 | . . . . 5 AOE 10 | . . 3 7 . Classes Destroyed 10 | . 4 4 2 . Worker 3 | . . 1 2 . Builder 6 | . 2 1 3 . Tunneler 2 | . 1 . 1 . Hauler 1 | . . 1 . . Recycler 3 | . . . 3 . Operator 2 | . 1 1 . . Watcher 2 | . 1 1 . . Grunt 6 | . . 2 4 . Sentry 2 | . . 2 . . Assembled 9 | . . . 3 6 Best Kill Streak 6 | . 4 6 5 6 Combat Bots Only 6 | . . 3 3 6 Max Kills in Single Turn 2 | . 1 2 2 1 Gunslinging . | . . . . . Exploded 2 | . . 1 2 . Melee . | . . . . . Uniques/NPCs Destroyed . | . . . . . Combat | -11 -10 -9 -9 -9 -------- Run | Yrd Mat Mat Min Exi Hostile Shots Fired 85 | . . 6 10 69 Missed 18 | . . . 3 15 Hits 67 | . . 6 7 54 Melee 2 | . . . . 2 Projectile 65 | . . 6 7 52 Critical Strikes 10 | . . . . 10 Damage Taken 1162 | . 3 103 238 818 Core 400 | . . 20 34 346 Absorbed by Shields . | . . . . . Core Remaining (%) 100 | 100 100 . . . Volleys Fired 51 | 1 6 9 19 16 Largest 3 | 2 2 2 3 2 Hottest 120 | 40 50 50 70 120 Shots Fired 88 | 2 12 17 39 18 Gun 47 | 2 8 9 20 8 Cannon 10 | . . . . 10 Launcher 31 | . 4 8 19 . Special . | . . . . . Kinetic 47 | 2 8 9 20 8 Thermal 10 | . . . . 10 Explosive 31 | . 4 8 19 . Electromagnetic . | . . . . . Robot Hit Streak 8 | 1 2 3 8 6 Robot Miss Streak 3 | 1 2 . 3 2 Penetration Max . | . . . . . Secondary Targets . | . . . . . Shots Hit Robots 26 | 1 2 3 9 11 Core Hits 54 | . 6 17 23 8 Critical Kills . | . . . . . Critical Parts Destroyed . | . . . . . Critical Strikes . | . . . . . Melee Attacks . | . . . . . Impact . | . . . . . Slashing . | . . . . . Piercing . | . . . . . Sneak Attacks . | . . . . . Combat Hostiles . | . . . . . Follow-up Attacks . | . . . . . Damage Inflicted 1810 | 10 205 343 922 330 Guns 248 | 10 30 47 100 61 Cannons 225 | . . . . 225 Explosions 1293 | . 175 296 822 . Melee . | . . . . . Ramming 44 | . . . . 44 Kinetic 248 | 10 30 47 100 61 Thermal 225 | . . . . 225 Explosive 1293 | . 175 296 822 . Electromagnetic . | . . . . . Impact . | . . . . . Slashing . | . . . . . Piercing . | . . . . . Highest Corruption 2 | . 2 . . 1 Average Corruption 1 | . 2 . . 1 Corruption Purged . | . . . . . Corruption Blocked . | . . . . . Effects 3 | . 3 . . . Matter Fused 1 | . 1 . . . Energy Discharges 1 | . 1 . . . Data Loss (minor) 1 | . 1 . . . Overload Shots . | . . . . . Overflow Damage 13 | . . 2 11 . Projectiles . | . . . . . Explosions 13 | . . 2 11 . Melee . | . . . . . Knockbacks 1 | . . . . 1 Impact 1 | . . . . 1 Kinetic . | . . . . . Secondary . | . . . . . Self-Inflicted Damage 171 | . 5 13 136 17 Shots 7 | . 1 1 5 . Rammed 12 | . . . . 12 Targets Rammed 12 | . . . . 12 Kicked . | . . . . . Crushed . | . . . . . Highest Temperature 128 | . . 2 4 128 Average Temperature 42 | . . 2 2 49 Received Heat Transfer 72 | . . 27 45 . Siege Activations . | . . . . . Martial Activations . | . . . . . Shielding Activations . | . . . . . Robots Disrupted . | . . . . . Combat Hostiles . | . . . . . Robots Corrupted . | . . . . . Combat Hostiles . | . . . . . Parts Fried . | . . . . . Impact Corruptions . | . . . . . Robots Melted . | . . . . . Combat Hostiles . | . . . . . Parts Melted . | . . . . . Heat Transferred 520 | . . . . 520 Parts Sabotaged . | . . . . . Parts Stolen . | . . . . . Parts Stripped . | . . . . . Power Chain Reactions . | . . . . . Alert | -11 -10 -9 -9 -9 ------- Run | Yrd Mat Mat Min Exi Maximum Alert Level . | . . . . . Low Security (%) 100 | 100 100 100 100 . Level 1 . | . . . . . Level 2 . | . . . . . Level 3 . | . . . . . Level 4 . | . . . . . Level 5 . | . . . . . High Security . | . . . . . Max Security . | . . . . . Peak Influence 152 | . 54 152 144 . Initial 55 | . . 18 55 . Average 57 | . 8 91 74 . Influence Increases 597 | . 69 174 354 . Destroy 0b10 Robot/C 160 | . . 80 80 . Destroy 0b10 Robot/NC 95 | . 25 25 45 . Destroy Leader 56 | . 2 34 20 . Disable Machine 105 | . 15 . 90 . Destroy Structure 166 | . 27 35 104 . Lose Combat Pursuer 15 | . . . 15 . Influence Decreases 597 | . 25 76 411 85 Entered New Map 198 | . . 26 87 85 Time Decay 379 | . 25 50 304 . Lost Part 20 | . . . 20 . Squads Dispatched 1 | . . 1 . . Investigation . | . . . . . Extermination . | . . . . . Reinforcement 1 | . . 1 . . Assault . | . . . . . Garrison . | . . . . . Intercept . | . . . . . Searches Triggered . | . . . . . Construction Impeded 1 | . . 1 . . Haulers Reinforced . | . . . . . Active Scanning Responses . | . . . . . Cargo Convoy Interrupts . | . . . . . Stealth | -11 -10 -9 -9 -9 --------- Run | Yrd Mat Mat Min Exi Distress Signals 1 | . . . 1 . Communications Jammed . | . . . . . Distress Signals . | . . . . . Times Spotted 27 | . 4 3 12 8 Peak Tracking Total 20 | . 2 3 20 9 Tactical Retreats 1 | . . . 1 . Traps | -11 -10 -9 -9 -9 ------- Run | Yrd Mat Mat Min Exi Traps Triggered 1 | . 1 . . . Indirectly . | . . . . . Trap Hack Attempts . | . . . . . Triggered . | . . . . . Disarmed . | . . . . . Reprogrammed . | . . . . . Reused . | . . . . . Traps Extracted . | . . . . . Installed . | . . . . . Triggered . | . . . . . Machines | -11 -10 -9 -9 -9 ---------- Run | Yrd Mat Mat Min Exi Machines Disabled 8 | . 1 . 6 1 Max in Single Turn 2 | . 1 . 2 1 Machines Repaired . | . . . . . Machines Dismantled . | . . . . . Machines Sabotaged . | . . . . . Overloaded Fab Kills . | . . . . . Hacking | -11 -10 -9 -9 -9 --------- Run | Yrd Mat Mat Min Exi Machines Accessed 1 | . . . . 1 Terminals . | . . . . . Fabricators . | . . . . . Repair Stations . | . . . . . Recycling Units . | . . . . . Scanalyzers . | . . . . . Garrison Access . | . . . . . Total Hacks 1 | . . . . 1 Successful 1 | . . . . 1 Failed . | . . . . . Catastrophic . | . . . . . Database Lockouts . | . . . . . Manual 1 | . . . . 1 Terminals . | . . . . . Fabricators . | . . . . . Repair Stations . | . . . . . Recycling Units . | . . . . . Scanalyzers . | . . . . . Garrison Access . | . . . . . Terminal Hacks 1 | . . . . 1 Proto ID Catalog 1 | . . . . 1 Fabricator Hacks . | . . . . . Repair Station Hacks . | . . . . . Recycling Unit Hacks . | . . . . . Scanalyzer . | . . . . . Garrison Access Hacks . | . . . . . Unauthorized Hacks . | . . . . . Terminals . | . . . . . Fabricators . | . . . . . Repair Stations . | . . . . . Recycling Units . | . . . . . Scanalyzers . | . . . . . Garrison Access . | . . . . . Data Cores Recovered . | . . . . . Used . | . . . . . Hacking Detections . | . . . . . Full Trace Events . | . . . . . Feedback Events . | . . . . . Feedback Blocked . | . . . . . Robot Schematics Acquired . | . . . . . Robots Built . | . . . . . Authchips . | . . . . . Time . | . . . . . Total Robot Build Rating . | . . . . . Part Schematics Acquired . | . . . . . Parts Built . | . . . . . Authchips . | . . . . . Time . | . . . . . Total Part Build Rating . | . . . . . Parts Repaired . | . . . . . Time . | . . . . . Parts Recycled . | . . . . . Recycled Matter . | . . . . . Retrieved Matter . | . . . . . Retrieved Components . | . . . . . Parts Scanalyzed . | . . . . . Part Schematics Acquired . | . . . . . Parts Damaged . | . . . . . Bothacking | -11 -10 -9 -9 -9 ------------ Run | Yrd Mat Mat Min Exi Used RIF Installer . | . . . . . Robots Hacked . | . . . . . Non-combat . | . . . . . Combat . | . . . . . Robot Hacks Applied . | . . . . . Relay Couplers Released . | . . . . . Fabnet Peak Effective % . | . . . . . Robots Rewired . | . . . . . Allies Hacked . | . . . . . Hacks Repelled . | . . . . . Allies | -11 -10 -9 -9 -9 -------- Run | Yrd Mat Mat Min Exi Total Allies . | . . . . . Largest Group . | . . . . . Highest-Rated Group . | . . . . . Highest-Rated Ally . | . . . . . Total Orders . | . . . . . Ally Attacks . | . . . . . Total Damage . | . . . . . Kills . | . . . . . Allies Corrupted . | . . . . . Allies Melted . | . . . . . Intel | -11 -10 -9 -9 -9 ------- Run | Yrd Mat Mat Min Exi Active Infowar (turns) 782 | . . . 263 519 Sensors 782 | . . . 263 519 Robot Analysis Total . | . . . . . Derelict Logs Recovered 3 | . . . 3 . Drone Launches . | . . . . . Drone Recoveries . | . . . . . Exploration | -11 -10 -9 -9 -9 ------------- Run | Yrd Mat Mat Min Exi Turns Passed 1771 | 108 210 116 767 570 Spaces Moved 998 | 69 117 57 434 321 Core 35 | 20 . . . 15 Treads 963 | 49 117 57 434 306 Legs . | . . . . . Wheels . | . . . . . Hover . | . . . . . Flight . | . . . . . Fastest Speed 50 | 50 160 160 160 50 Average Speed 157 | 139 160 160 160 157 Slowest Speed 200 | 160 160 160 160 200 Overloaded Moves . | . . . . . Propulsion Burnouts . | . . . . . Robots Hopped . | . . . . . Potential Cave-ins . | . . . . . Cave-ins Triggered . | . . . . . Time Travels 1 | . . . . 1 Exploration Rate (%) 36 | 4 24 16 80 60 Regions Visited 4 Branch Regions 2 Pre-discovered Areas 1 | . . . 1 . Known Exits Taken 1 | . . . 1 . Unknown Exits Taken 3 | 1 1 1 . . Scrap Searched 1 | . . . 1 . Spaces Dug 30 | . 5 . 25 . Terrain Destroyed 180 | . 26 30 124 . Melee . | . . . . . Projectile . | . . . . . AOE 180 | . 26 30 124 . Terrain Rammed . | . . . . . Walls Destroyed . | . . . . . Machines Disabled . | . . . . . Actions | -11 -10 -9 -9 -9 --------- Run | Yrd Mat Mat Min Exi Total 1108 | 79 127 65 470 367 Wait 28 | . . . 15 13 Move 994 | 68 116 56 433 321 Hop . | . . . . . Pick Up 12 | 5 3 . 1 3 Fast Attach . | . . . . . Attach 10 | 5 1 . 2 2 Detach 1 | . . . . 1 Swap 1 | . 1 . . . Drop . | . . . . . Fire 51 | 1 6 9 19 16 Melee . | . . . . . Ram 11 | . . . . 11 Kick . | . . . . . Crush . | . . . . . Escape Stasis . | . . . . . Rewire . | . . . . . Trap . | . . . . . Miscellaneous . | . . . . . Route ------- -11/Scrapyard -10/Materials -9/Materials -9/Mines (discovered 3 exits: *Mat x2 / *Exi) -9/Exiles History --------- Turn | Location | Event 17 | -11/Scrapyard | Discovered new exit (range 14) 109 | -11/Scrapyard | Entered Materials 296 | -10/Materials | Discovered new exit (range 14) 304 | -10/Materials | Build established: Mutant 319 | -10/Materials | Entered another Materials area 319 | -9/Materials | Evolved 2 slots: Utility x1, Weapon x1 421 | -9/Materials | Discovered new exit (range 7) 435 | -9/Materials | Entered Mines 436 | -9/Mines | Learned location of Storage (-7) 469 | -9/Mines | Discovered new exit (range 12) 596 | -9/Mines | Learned 2 Materials zone layouts 637 | -9/Mines | Identified exit to Materials 655 | -9/Mines | Assembled infested the area 908 | -9/Mines | Identified exit to Exiles 928 | -9/Mines | Found a damaged Exp. Sensor Array with a note attached 937 | -9/Mines | Found Prototype Device 939 | -9/Mines | Identified Exp. Sensor Array 1194 | -9/Mines | Deemed a non-threat by the Exiles lab entrance 1202 | -9/Mines | Entered Exiles 1239 | -9/Exiles | Met 8R-AWN 1268 | -9/Exiles | Met EX-HEX 1318 | -9/Exiles | Met EX-BIN 1345 | -9/Exiles | Aligned with FarCom system 1346 | -9/Exiles | Given EX-Vault access code 1383 | -9/Exiles | Opened EX-Vault 1396 | -9/Exiles | Found Chronowheel 1397 | -9/Exiles | Activated Chronowheel 1397 | -9/Exiles | Spacetime reconverged on an earlier point 1456 | -9/Exiles | Found Gui. Plasma Cannon 1459 | -9/Exiles | Found 0b10 Alert Chip 1492 | -9/Exiles | Warned to stay clear of 0b10 Research branches 1634 | -9/Exiles | Met EX-DEC 1667 | -9/Exiles | Attacked by the Exiles 1752 | -9/Exiles | Lost 4 parts (2n1u1w) 1757 | -9/Exiles | Core integrity fell below 50% 1768 | -9/Exiles | Core integrity fell below 20% 1772 | -9/Exiles | Core destroyed Last Messages --------------- HV Slug penetrates Machine. Machine disabled. Slammed into 8R-AWN. Penetrated by HV Slug. HV Slug penetrates Wall. Penetrated by HV Slug. HV Slug penetrates Wall. Slammed into 8R-AWN. Destabilizing: System corrupted (+1). Penetrated by HV Slug. HV Slug penetrates Machine. Machine disabled. Penetrated by HV Slug. HV Slug penetrates Wall. Slammed into 8R-AWN. Penetrated by HV Slug. HV Slug penetrates Wall. Penetrated by HV Slug. HV Slug penetrates Wall. Slammed into 8R-AWN. Map ----- +----------------------------------------------------+ | ?????????????????????????????????????????????????? | | ?????????????????????????????????????????????????? | | ?????????????????????????????????????????????????? | | ?????????????????????????????????????????????????? | | ?????????????????????????????????????????????????? | | ?????????????????????????????????????????????????" | | ?????????????????????????????????????????????????" | | ????????????????????????????????????????????????#" | | ????????????????????????????????????????????????#" | | ????????????????????????????????????????????????#" | | ????????????????????????????????????????????????#" | | ?????????????????????????????????????????????????# | | ?????????????????????????????????????????????????? | | ?????????????????????????????????????????????????? | | ?????? ?????????????????????????????????????????? | | ?????? ??????????????#######???????????????????? | | ????? ######???????#!!! "#???????????????????? | | ????? #""#??????# "#???????????????????? | | ?????? ??????# "#???????????????????? | | ??????#" #????## ""#???????????????????? | | ??????"" #####" ""#????????????? ?????? | | ????????# ##" ""#????????????? ""???? | | ?????????# #"" #??????????????" ??? | | ????????????# #??????????????" ???? | | ????????????#### ##?????????????" ???? | | ??????????????#### %@% #???????????? ""??? | | ??????????####;;; % %%%g% ###???????????" "???? | | ?????????# !!""""" [ %%%% ##??????????# #???? | | ?????????#! "### " ######???### ###?# | | ?????????#! "#?#;" ""#####X# #"### | | ?????????#! ##?##" """" | | ?????????# !""""""###???#"# % "" " | | ?????????#########??????#### " | | ???????????????????????????### | | ?????????????????????????????### | | ???????????????????????????????## | | ????????????????????????????????## | | ?????????????????????????????????##" | | ??????????????????????????????????#""" | | ??????????????????????????????????#" | | ?????????????????????????????????#"" | | ?????????????????????????????????#""" "" | | ?????????????????????????????????""" """ | | ?????????????????????????????????""" "" | | ??????????????????????????????????" # | | ??????????????????????????????????"" | | ?????????????????????????????????"" | | ??????????????????????????????????"" | | ???????????????????????????????????""" | | ????????????????????????????????????? ? | +----------------------------------------------------+ Best States ------------- Heat Dissipation 28 Energy Generation 10 Energy Capacity 250 Matter Stores 300 Matter Capacity 300 Sight Range 16 Robot Scan Range 20 Terrain Scan Density 10 Evasion (%) 48 Recoil Reduction 2 Offensive Hacking 10 Item Schematics ----------------- None Robot Schematics ------------------ None Fabricated ------------ Nothing Repaired ---------- Nothing Alien Tech Used ----------------- None Achievements -------------- None Challenges ------------ None Game ------ Seed DirtyNullSuperbattery Manual? 0 Play Time 00:11:45 Cumulative 76.4 hours Start 2025.08.02 @ 11:17:46 End 2025.08.02 @ 11:28:31 Sessions 1 Manual Loads 0 Difficulty Rogue Special Mode None Game No. 306 Rogue 306 Adventurer 0 Explorer 0 Win Type - Total 0 Types 0/0/0/0/0/0/0/0/0/0 Lore% 27 Gallery% 34 Achievement% 28 Wizard Run 0 Options --------- Layout 2 ASCII 0 Keyboard 0 Movement Mouse Keybinds 0 Fullscreen 2 Font 24/Smallcaps Map View 50x44 Zoom Use 0% Tactical HUD 0 Map Filters NONE Filters NONE Steam 1 RUN: ff0d7fec-91b0-48da-b262-a1357e9954d2